Panthers vs Lightning
Created - December 17, 2017 at 20:11
Goals
|
| Panthers |
0 |
3 |
1 |
4 |
| Lightning |
3 |
1 |
2 |
6 |
|
Shots
|
| Panthers |
16 |
6 |
7 |
29 |
| Lightning |
14 |
9 |
7 |
30 |
|
1st period
1. Lightning , Pierre-Marc Bouchard 8 (John Carlson 16, Steve Bernier 8) at 5:11
2. Lightning , Jeff Schultz 2 (Kris Versteeg 9, Henrik Zetterberg 20) at 8:08 (PP)
3. Lightning , Steve Bernier 7 (Pierre-Marc Bouchard 10, Justin Schultz 6) at 10:06
Penalties :
Sergei Samsonov (Flo) for Hooking (Minor) at 7:17, John Carlson (TB.) for Slashing (Minor) at 18:56
2nd period
4. Panthers , Tim Connolly 9 (Erik Gudbranson 8, Guillaume Latendresse 20) at 0:14 (PP)
5. Panthers , Jeff Tambellini 5 (Tomas Kopecky 6) at 1:04
6. Panthers , Jonathan Sigalet 4 (Tim Connolly 36, Guillaume Latendresse 21) at 15:55 (PP)
7. Lightning , Kris Versteeg 6 (Henrik Zetterberg 21, Robert Nilsson 13) at 18:43 (PP)
Penalties :
Steve Bernier (TB.) for Hooking (Minor) at 5:04, Henrik Zetterberg (TB.) for Roughing (Minor) at 10:09, Loui Eriksson (TB.) for Hooking (Minor) at 15:39, Danny Richmond (TB.) for Holding (Minor) at 16:15, Cédric Lalonde-McNicoll (Flo) for Roughing (Minor) at 18:36
3rd period
8. Panthers , Guillaume Latendresse 22 (Tim Connolly 37, Daniel Sedin 7) at 1:41
9. Lightning , Robert Nilsson 15 (Andy Rogers 6) at 6:28 (SH)
10. Lightning , Pierre-Marc Bouchard 9 (Justin Schultz 7) at 9:11
Penalties :
Kris Versteeg (TB.) for Roughing (Minor) at 1:58, Henrik Zetterberg (TB.) for Slashing (Minor) at 6:11, Sheldon Keefe (TB.) for Roughing (Minor) at 14:36
Goalie Stats
Antti Niemi (Flo), 4 saves from 4 shots - (1.000), 10:49 minutes
Petr Mrazek (Flo), 20 saves from 26 shots - (0.769), L, 2-5-2, 49:11 minutes
Jaroslav Halak (TB.), 25 saves from 29 shots - (0.862), W, 12-10-3, 60:00 minutes
Players Stats for Panthers
Player Name G A P +/- PIM S H SB GA TA FO MP PP MP PK MP
------------------------------------------------------------------------------------
Alexander Perezhogin 0 0 0 -1 0 0 4 0 0 0 0/0 19:38 5:25 0:00
Brendan Smith 0 0 0 -2 0 1 0 1 0 0 0/0 29:15 8:46 0:44
Cédric Lalonde-McNicoll 0 0 0 -1 2 0 1 1 0 0 6/14 20:06 5:25 0:33
Daniel Sedin 0 1 1 -1 0 0 2 1 3 0 0/0 15:06 0:25 0:00
Erik Gudbranson 0 1 1 -2 0 1 5 0 0 0 0/0 28:45 8:46 0:14
George Parros 0 0 0 -2 0 0 0 0 2 0 0/0 8:06 0:03 0:00
Guillaume Latendresse 1 2 3 0 0 5 2 0 2 0 1/3 22:29 8:03 0:40
Ian White 0 0 0 1 0 1 0 1 1 0 0/0 20:03 4:42 0:00
Jeff Tambellini 1 0 1 1 0 4 2 0 0 0 0/0 15:08 5:00 0:00
Jonathan Matsumoto 0 0 0 -2 0 3 1 0 0 0 0/2 7:06 0:00 0:00
Jonathan Sigalet 1 0 1 1 0 3 2 1 0 0 0/0 20:17 4:42 0:14
Matthew Spiller 0 0 0 -1 0 2 1 0 0 0 0/0 11:12 0:00 0:44
Pavel Kubina 0 0 0 -1 0 0 1 0 0 1 0/0 10:28 0:00 0:00
Ryan Callahan 0 0 0 0 0 0 1 0 0 1 2/4 21:23 8:00 0:18
Sergei Samsonov 0 0 0 -2 2 1 0 0 0 0 1/1 8:37 0:00 0:00
Shawn Horcoff 0 0 0 1 0 1 1 0 0 0 2/7 10:16 0:00 0:25
Tim Connolly 1 2 3 0 0 4 1 0 1 0 15/28 21:17 8:03 0:00
Tomas Kopecky 0 1 1 1 0 3 1 0 1 1 0/0 9:48 0:00 0:00
Players Stats for Lightning
Player Name G A P +/- PIM S H SB GA TA FO MP PP MP PK MP
------------------------------------------------------------------------------------
Andy Rogers 0 1 1 1 0 0 0 6 0 2 0/0 18:55 0:39 8:14
Brent Burns 0 0 0 0 0 0 3 0 0 0 0/0 26:31 0:08 5:14
Daniel Carcillo 0 0 0 0 0 2 1 0 0 0 0/0 16:01 0:00 5:35
Danny Richmond 0 0 0 0 2 2 1 0 0 2 0/0 14:04 0:00 4:40
Henrik Zetterberg 0 2 2 0 4 1 1 1 0 0 1/1 17:42 0:41 1:55
Jeff Schultz 1 0 1 2 0 2 0 1 0 2 0/0 22:57 0:08 7:58
John Carlson 0 1 1 0 2 2 2 1 0 1 0/0 21:27 0:11 0:00
Jordan Nolan 0 0 0 0 0 0 1 0 0 0 4/6 12:09 0:17 1:07
Justin Schultz 0 2 2 1 0 0 0 1 1 0 0/0 16:09 0:50 0:50
Kris Versteeg 1 1 2 0 2 4 3 1 0 0 0/0 16:09 0:41 0:00
Loui Eriksson 0 0 0 3 2 0 2 1 1 1 2/2 18:47 0:00 6:34
Mikael Backlund 0 0 0 -1 0 1 0 0 0 0 2/7 11:48 0:00 4:10
Pierre-Luc Létourneau 0 0 0 -1 0 0 0 0 0 0 0/0 7:51 0:00 0:18
Pierre-Marc Bouchard 2 1 3 2 0 7 0 0 1 0 4/6 12:24 0:00 0:00
Reilly Smith 0 0 0 0 0 3 0 1 0 0 1/1 10:48 0:17 0:00
Robert Nilsson 1 1 2 1 0 2 3 0 0 1 18/36 22:39 0:41 7:17
Sheldon Keefe 0 0 0 -1 2 0 1 0 0 1 0/0 7:38 0:00 0:00
Steve Bernier 1 1 2 2 2 4 1 0 0 0 0/0 12:25 0:17 0:00
3 Stars
1 - Pierre-Marc Bouchard (TB.)
2 - Guillaume Latendresse (Flo)
3 - Tim Connolly (Flo)
Power Play
Panthers - 2 on 8 Attempt(s) - 25.00%
Lightning - 2 on 2 Attempt(s) - 100.00%
Penalty Kill
Panthers - 0 on 2 Attempt(s) - 0.00%
- Score 0 goal in Penalty Kill
Lightning - 6 on 8 Attempt(s) - 75.00%
- Score 1 goal in Penalty Kill
Team Stat
Panthers - Hits : 25 - Faceoff Wins : 27 - Blocked Shots : 5 - Penalty Minutes : 4
Lightning - Hits : 19 - Faceoff Wins : 32 - Blocked Shots : 13 - Penalty Minutes : 16
Official
Referees : Pollock Kevin and O'Halloran Dan
Linesman : Pierre Champoux and Scott Cherrey
Game Notes
Antti Niemi enters game at 9:11 of 3rd period
Finance
Level 1 -- Attendance: 3410 (56.83%) -- Ticket Income $392,150
Level 2 -- Attendance: 3370 (67.40%) -- Ticket Income $215,680
Level 3 -- Attendance: 1393 (69.65%) -- Ticket Income $61,292
Level 4 -- Attendance: 2266 (56.65%) -- Ticket Income $90,640
Luxury Box -- Attendance: 612 (61.20%) -- Ticket Income $131,580
Game was played at the Tampa Bay Stadium.
Total Attendance: 11051 (61.39%)
Total Ticket Income: $891,342
Other Income: $133,701
Total Income: $1,025,043
Panthers
5 vs 5 Forward
Center Left Wing Right Wing Time % Phy DF OF
1 Tim Connolly Guillaume Latendresse Ryan Callahan 40 0 2 3
2 Cédric Lalonde-McNicoll Daniel Sedin Alexander Perezhogin 30 0 2 3
3 Shawn Horcoff Jeff Tambellini Tomas Kopecky 20 0 2 3
4 Jonathan Matsumoto Sergei Samsonov George Parros 10 0 2 3
5 vs 5 Defense
Defense Defense Time % Phy DF OF
1 Brendan Smith Erik Gudbranson 40 0 2 3
2 Ian White Jonathan Sigalet 30 0 2 3
3 Matthew Spiller Pavel Kubina 20 1 2 2
4 Brendan Smith Erik Gudbranson 10 1 2 2
PowerPlay Forward
Center Left Wing Right Wing Time % Phy DF OF
1 Tim Connolly Guillaume Latendresse Ryan Callahan 60 0 1 4
2 Cédric Lalonde-McNicoll Jeff Tambellini Alexander Perezhogin 40 0 1 4
PowerPlay Defense
Defense Defense Time % Phy DF OF
1 Brendan Smith Erik Gudbranson 60 0 2 3
2 Ian White Jonathan Sigalet 40 0 2 3
Penalty Kill 4 Players Forward
Center Wing Time % Phy DF OF
1 Cédric Lalonde-McNicoll Guillaume Latendresse 60 1 3 1
2 Shawn Horcoff Ryan Callahan 40 1 3 1
Penalty Kill 4 Players Defense
Defense Defense Time % Phy DF OF
1 Brendan Smith Matthew Spiller 60 1 4 0
2 Erik Gudbranson Jonathan Sigalet 40 1 4 0
Penalty Kill - 3 Players Forward
Forward Time % Phy DF OF
1 Guillaume Latendresse 60 0 4 1
2 Cédric Lalonde-McNicoll 40 0 4 1
Penalty Kill - 3 Players Defense
Defense Defense Time % Phy DF OF
1 Brendan Smith Matthew Spiller 60 1 4 0
2 Erik Gudbranson Jonathan Sigalet 40 1 4 0
4 vs 4 Forward
Center Wing Time % Phy DF OF
1 Tim Connolly Guillaume Latendresse 60 0 2 3
2 Cédric Lalonde-McNicoll Jeff Tambellini 40 0 2 3
4 vs 4 Defense
Defense Defense Time % Phy DF OF
1 Brendan Smith Erik Gudbranson 60 1 2 2
2 Ian White Jonathan Sigalet 40 1 2 2
Last Minutes Offensive
Center Left Wing Right Wing Defense Defense
Tim Connolly Guillaume Latendresse Ryan Callahan Brendan Smith Erik Gudbranson
Last Minutes Defensive
Center Left Wing Right Wing Defense Defense
Cédric Lalonde-McNicoll Guillaume Latendresse Ryan Callahan Brendan Smith Matthew Spiller
Goaltenders
Starting : Petr Mrazek
Backup : Antti Niemi
Extra Forwards
Normal : Sergei Samsonov, Guillaume Latendresse, Jeff Tambellini - PP : Cédric Lalonde-McNicoll, Guillaume Latendresse - PK : Shawn Horcoff
Extra Defensemen
Normal : Ian White, Erik Gudbranson, Brendan Smith - PP : Jonathan Sigalet - PK : Matthew Spiller, Erik Gudbranson
Penalty Shots
Guillaume Latendresse, Sergei Samsonov, Jeff Tambellini, Ryan Callahan, Jonathan Matsumoto
Scratches
Scott Gomez (Left Foot Injury), Tuomo Ruutu (Healthy)
Lightning
5 vs 5 Forward
Center Left Wing Right Wing Time % Phy DF OF
1 Robert Nilsson Henrik Zetterberg Kris Versteeg 40 1 2 2
2 Jordan Nolan Daniel Carcillo Reilly Smith 25 1 2 2
3 Pierre-Marc Bouchard Loui Eriksson Steve Bernier 25 1 2 2
4 Mikael Backlund Pierre-Luc Létourneau Sheldon Keefe 10 1 2 2
5 vs 5 Defense
Defense Defense Time % Phy DF OF
1 John Carlson Brent Burns 40 1 2 2
2 Jeff Schultz Justin Schultz 30 1 2 2
3 Andy Rogers Danny Richmond 20 1 2 2
4 John Carlson Brent Burns 10 1 2 2
PowerPlay Forward
Center Left Wing Right Wing Time % Phy DF OF
1 Robert Nilsson Henrik Zetterberg Kris Versteeg 60 1 2 2
2 Jordan Nolan Steve Bernier Reilly Smith 40 1 2 2
PowerPlay Defense
Defense Defense Time % Phy DF OF
1 Justin Schultz John Carlson 60 1 2 2
2 Brent Burns Jeff Schultz 40 1 2 2
Penalty Kill 4 Players Forward
Center Wing Time % Phy DF OF
1 Robert Nilsson Loui Eriksson 60 1 2 2
2 Mikael Backlund Daniel Carcillo 40 1 2 2
Penalty Kill 4 Players Defense
Defense Defense Time % Phy DF OF
1 Jeff Schultz Andy Rogers 60 1 2 2
2 Danny Richmond Brent Burns 40 1 2 2
Penalty Kill - 3 Players Forward
Forward Time % Phy DF OF
1 Henrik Zetterberg 60 1 2 2
2 Robert Nilsson 40 1 2 2
Penalty Kill - 3 Players Defense
Defense Defense Time % Phy DF OF
1 Jeff Schultz Brent Burns 60 1 2 2
2 Andy Rogers Danny Richmond 40 1 2 2
4 vs 4 Forward
Center Wing Time % Phy DF OF
1 Robert Nilsson Henrik Zetterberg 60 1 2 2
2 Jordan Nolan Reilly Smith 40 1 2 2
4 vs 4 Defense
Defense Defense Time % Phy DF OF
1 John Carlson Brent Burns 60 1 2 2
2 Danny Richmond Justin Schultz 40 1 2 2
Last Minutes Offensive
Center Left Wing Right Wing Defense Defense
Robert Nilsson Henrik Zetterberg Kris Versteeg John Carlson Brent Burns
Last Minutes Defensive
Center Left Wing Right Wing Defense Defense
Robert Nilsson Daniel Carcillo Loui Eriksson Jeff Schultz Andy Rogers
Goaltenders
Starting : Jaroslav Halak
Backup : Adam Munro
Extra Forwards
Normal : Daniel Carcillo, Reilly Smith, Kris Versteeg - PP : Daniel Carcillo, Reilly Smith - PK : Henrik Zetterberg
Extra Defensemen
Normal : Andy Rogers, Brent Burns, Danny Richmond - PP : Andy Rogers - PK : Justin Schultz, Andy Rogers
Penalty Shots
Henrik Zetterberg, Robert Nilsson, Pierre-Marc Bouchard, Kris Versteeg, Reilly Smith
Scratches
None
% Time on Ice - Panthers
Lines # - Real PCT - Wanted PCT - Time Play
Normal Forward
1 - 29% - 40% - 13:14
2 - 34% - 30% - 15:42
3 - 21% - 20% - 9:32
4 - 16% - 10% - 7:06
Normal Defense
1 - 40% - 40% - 18:07
2 - 34% - 30% - 15:21
3 - 23% - 20% - 10:28
4 - 4% - 10% - 1:38
PP Forward
1 - 60% - 60% - 8:03
2 - 40% - 40% - 5:25
PP Defense
1 - 65% - 60% - 8:46
2 - 35% - 40% - 4:42
PK Forward
1 - 69% - 60% - 0:40
2 - 31% - 40% - 0:18
PK Defense
1 - 76% - 60% - 0:44
2 - 24% - 40% - 0:14
PK3 Forward
1 - 0% - 60%
2 - 0% - 40%
PK3 Defense
1 - 0% - 60%
2 - 0% - 40%
44 Forward
1 - 0% - 60%
2 - 0% - 40%
44 Defense
1 - 0% - 60%
2 - 0% - 40%
Last Minute Offensive - 0:00
Last Minute Defensive - 0:00
Total
Forward - 60:00
Defense - 60:00
|
% Time on Ice - Lightning
Lines # - Real PCT - Wanted PCT - Time Play
Normal Forward
1 - 33% - 40% - 15:07
2 - 24% - 25% - 10:45
3 - 27% - 25% - 12:09
4 - 17% - 10% - 7:33
Normal Defense
1 - 42% - 40% - 19:09
2 - 31% - 30% - 14:17
3 - 20% - 20% - 8:56
4 - 7% - 10% - 3:12
PP Forward
1 - 71% - 60% - 0:41
2 - 29% - 40% - 0:17
PP Defense
1 - 86% - 60% - 0:50
2 - 14% - 40% - 0:08
PK Forward
1 - 69% - 60% - 9:18
2 - 31% - 40% - 4:10
PK Defense
1 - 61% - 60% - 8:14
2 - 39% - 40% - 5:14
PK3 Forward
1 - 0% - 60%
2 - 0% - 40%
PK3 Defense
1 - 0% - 60%
2 - 0% - 40%
44 Forward
1 - 0% - 60%
2 - 0% - 40%
44 Defense
1 - 0% - 60%
2 - 0% - 40%
Last Minute Offensive - 0:00
Last Minute Defensive - 0:00
Total
Forward - 60:00
Defense - 60:00
|
Play by Play
1st period
0:01 of 1st period - Tim Connolly wins face-off versus Robert Nilsson in neutral zone.
0:06 of 1st period - Snap shot by Tim Connolly.
0:06 of 1st period - Stopped by Jaroslav Halak with a rebound.
0:12 of 1st period - Robert Nilsson is hit by Tim Connolly and loses puck.
1:24 of 1st period - Wrist shot by Steve Bernier.
1:24 of 1st period - Shot Misses the Net.
1:26 of 1st period - Wrist shot by Steve Bernier.
1:26 of 1st period - Shot Misses the Net.
1:40 of 1st period - Snap shot by Guillaume Latendresse.
1:40 of 1st period - Stopped by Jaroslav Halak with a rebound.
2:10 of 1st period - Snap shot by Pierre-Marc Bouchard.
2:10 of 1st period - Stopped by Petr Mrazek without a rebound.
2:11 of 1st period - Cédric Lalonde-McNicoll wins face-off versus Robert Nilsson in Panthers zone.
2:22 of 1st period - Danny Richmond is hit by Daniel Sedin and loses puck.
2:37 of 1st period - Danny Richmond is hit by Tomas Kopecky and loses puck.
2:46 of 1st period - Snap shot by Jeff Tambellini.
2:46 of 1st period - Stopped by Jaroslav Halak without a rebound.
2:47 of 1st period - Cédric Lalonde-McNicoll wins face-off versus Robert Nilsson in Lightning zone.
3:47 of 1st period - Slapshot by Sergei Samsonov.
3:47 of 1st period - Stopped by Jaroslav Halak without a rebound.
3:48 of 1st period - Cédric Lalonde-McNicoll wins face-off versus Mikael Backlund in Lightning zone.
4:57 of 1st period - Off-side.
4:58 of 1st period - Pierre-Marc Bouchard wins face-off versus Jonathan Matsumoto in neutral zone.
5:11 of 1st period - Slapshot by Pierre-Marc Bouchard.
5:11 of 1st period - Goal by Pierre-Marc Bouchard - Panthers : 0 - Lightning : 1.
5:12 of 1st period - Henrik Zetterberg wins face-off versus Cédric Lalonde-McNicoll in neutral zone.
5:44 of 1st period - Snap shot by Tim Connolly.
5:44 of 1st period - Stopped by Jaroslav Halak without a rebound.
5:45 of 1st period - Tim Connolly wins face-off versus Jordan Nolan in Lightning zone.
5:48 of 1st period - Slapshot by Tim Connolly.
5:48 of 1st period - Stopped by Jaroslav Halak with a rebound.
5:50 of 1st period - Snap shot by Guillaume Latendresse.
5:50 of 1st period - Stopped by Jaroslav Halak with a rebound.
5:52 of 1st period - Slapshot by Matthew Spiller.
5:52 of 1st period - Shot Blocked by Andy Rogers.
5:54 of 1st period - Wrist shot by Matthew Spiller.
5:54 of 1st period - Stopped by Jaroslav Halak without a rebound.
5:55 of 1st period - Jordan Nolan wins face-off versus Tim Connolly in Lightning zone.
6:00 of 1st period - Snap shot by Jordan Nolan.
6:00 of 1st period - Deflect By Reilly Smith.
6:00 of 1st period - Stopped by Petr Mrazek without a rebound.
6:01 of 1st period - Robert Nilsson wins face-off versus Tim Connolly in Panthers zone.
6:42 of 1st period - John Carlson is hit by Alexander Perezhogin and loses puck.
7:17 of 1st period - Minor Penalty to Sergei Samsonov for Hooking.
7:18 of 1st period - Robert Nilsson wins face-off versus Cédric Lalonde-McNicoll in Panthers zone.
7:18 of 1st period - Wrist shot by Kris Versteeg.
7:18 of 1st period - Stopped by Petr Mrazek with a rebound.
7:56 of 1st period - Snap shot by Steve Bernier.
7:56 of 1st period - Stopped by Petr Mrazek with a rebound.
7:58 of 1st period - Snap shot by Steve Bernier.
7:58 of 1st period - Stopped by Petr Mrazek with a rebound.
8:00 of 1st period - Snap shot by Jordan Nolan.
8:00 of 1st period - Deflect By Shawn Horcoff.
8:00 of 1st period - Shot Misses the Net.
8:00 of 1st period - Puck is out of play.
8:01 of 1st period - Robert Nilsson wins face-off versus Shawn Horcoff in Panthers zone.
8:04 of 1st period - Wrist shot by Henrik Zetterberg.
8:04 of 1st period - Shot Misses the Net.
8:06 of 1st period - Wrist shot by Kris Versteeg.
8:06 of 1st period - Stopped by Petr Mrazek with a rebound.
8:08 of 1st period - Slapshot by Jeff Schultz.
8:08 of 1st period - Goal by Jeff Schultz - Panthers : 0 - Lightning : 2.
8:09 of 1st period - Guillaume Latendresse wins face-off versus Robert Nilsson in neutral zone.
8:18 of 1st period - Brendan Smith is hit by Brent Burns and loses puck.
9:02 of 1st period - Wrist shot by Shawn Horcoff.
9:02 of 1st period - Shot Blocked by Andy Rogers.
9:04 of 1st period - Slapshot by Matthew Spiller.
9:04 of 1st period - Stopped by Jaroslav Halak with a rebound.
9:06 of 1st period - Slapshot by Pavel Kubina.
9:06 of 1st period - Deflect By Jeff Tambellini.
9:06 of 1st period - Shot Blocked by Andy Rogers.
9:06 of 1st period - Puck is out of play.
9:07 of 1st period - Robert Nilsson wins face-off versus Tim Connolly in Lightning zone.
9:58 of 1st period - Wrist shot by Pierre-Marc Bouchard.
9:58 of 1st period - Stopped by Petr Mrazek with a rebound.
10:06 of 1st period - Slapshot by Steve Bernier.
10:06 of 1st period - Goal by Steve Bernier - Panthers : 0 - Lightning : 3.
10:07 of 1st period - Robert Nilsson wins face-off versus Tim Connolly in neutral zone.
10:53 of 1st period - Brent Burns is hit by Erik Gudbranson and loses puck.
11:00 of 1st period - John Carlson is hit by Ryan Callahan and loses puck.
12:49 of 1st period - Slapshot by Tomas Kopecky.
12:49 of 1st period - Stopped by Jaroslav Halak with a rebound.
13:11 of 1st period - Wrist shot by Henrik Zetterberg.
13:11 of 1st period - Shot Misses the Net.
13:47 of 1st period - Wrist shot by Reilly Smith.
13:47 of 1st period - Stopped by Petr Mrazek without a rebound.
13:48 of 1st period - Jordan Nolan wins face-off versus Cédric Lalonde-McNicoll in Panthers zone.
13:49 of 1st period - Slapshot by John Carlson.
13:49 of 1st period - Stopped by Petr Mrazek with a rebound.
14:13 of 1st period - Guillaume Latendresse is hit by Kris Versteeg.
14:57 of 1st period - Off-side.
14:58 of 1st period - Mikael Backlund wins face-off versus Tim Connolly in neutral zone.
15:13 of 1st period - Snap shot by Danny Richmond.
15:13 of 1st period - Deflect By Guillaume Latendresse.
15:13 of 1st period - Stopped by Petr Mrazek with a rebound.
15:44 of 1st period - Wrist shot by Jeff Tambellini.
15:44 of 1st period - Deflect By Tomas Kopecky.
15:44 of 1st period - Shot Blocked by Loui Eriksson.
15:44 of 1st period - Puck is out of play.
15:45 of 1st period - Pierre-Marc Bouchard wins face-off versus Shawn Horcoff in Lightning zone.
15:52 of 1st period - Slapshot by Pierre-Marc Bouchard.
15:52 of 1st period - Stopped by Petr Mrazek with a rebound.
15:58 of 1st period - Snap shot by Tomas Kopecky.
15:58 of 1st period - Stopped by Jaroslav Halak with a rebound.
16:00 of 1st period - Slapshot by Erik Gudbranson.
16:00 of 1st period - Stopped by Jaroslav Halak without a rebound.
16:01 of 1st period - Tim Connolly wins face-off versus Robert Nilsson in Lightning zone.
16:02 of 1st period - Snap shot by Ryan Callahan.
16:02 of 1st period - Shot Blocked by Kris Versteeg.
16:28 of 1st period - John Carlson is hit by Erik Gudbranson and loses puck.
16:34 of 1st period - Off-side.
16:35 of 1st period - Robert Nilsson wins face-off versus Cédric Lalonde-McNicoll in neutral zone.
16:44 of 1st period - Slapshot by Robert Nilsson.
16:44 of 1st period - Shot Misses the Net.
16:46 of 1st period - Snap shot by Robert Nilsson.
16:46 of 1st period - Shot Blocked by Ian White.
17:36 of 1st period - Reilly Smith is hit by Guillaume Latendresse and loses puck.
17:49 of 1st period - Snap shot by Sergei Samsonov.
17:49 of 1st period - Shot Blocked by John Carlson.
17:51 of 1st period - Slapshot by Jonathan Matsumoto.
17:51 of 1st period - Stopped by Jaroslav Halak with a rebound.
17:53 of 1st period - Wrist shot by Jonathan Matsumoto.
17:53 of 1st period - Stopped by Jaroslav Halak with a rebound.
17:55 of 1st period - Snap shot by Erik Gudbranson.
17:55 of 1st period - Shot Blocked by Reilly Smith.
17:59 of 1st period - Snap shot by Sergei Samsonov.
17:59 of 1st period - Shot Misses the Net.
18:10 of 1st period - Off-side.
18:11 of 1st period - Robert Nilsson wins face-off versus Shawn Horcoff in neutral zone.
18:13 of 1st period - Off-side.
18:14 of 1st period - Robert Nilsson wins face-off versus Shawn Horcoff in neutral zone.
18:30 of 1st period - Snap shot by Jeff Tambellini.
18:30 of 1st period - Shot Misses the Net.
18:32 of 1st period - Wrist shot by Tomas Kopecky.
18:32 of 1st period - Stopped by Jaroslav Halak with a rebound.
18:34 of 1st period - Wrist shot by Shawn Horcoff.
18:34 of 1st period - Stopped by Jaroslav Halak without a rebound.
18:35 of 1st period - Pierre-Marc Bouchard wins face-off versus Guillaume Latendresse in Lightning zone.
18:56 of 1st period - Minor Penalty to John Carlson for Slashing.
18:57 of 1st period - Tim Connolly wins face-off versus Robert Nilsson in Lightning zone.
Goals for this period are 0 for Panthers vs 3 for Lightning .
Shots for this period are 16 for Panthers vs 14 for Lightning .
2nd period
0:01 of 2nd period - Loui Eriksson wins face-off versus Ryan Callahan in neutral zone.
0:12 of 2nd period - Snap shot by Erik Gudbranson.
0:12 of 2nd period - Shot Misses the Net.
0:14 of 2nd period - Slapshot by Tim Connolly.
0:14 of 2nd period - Goal by Tim Connolly - Panthers : 1 - Lightning : 3.
0:15 of 2nd period - Ryan Callahan wins face-off versus Robert Nilsson in neutral zone.
0:18 of 2nd period - Brent Burns is hit by Erik Gudbranson and loses puck.
0:48 of 2nd period - Snap shot by Daniel Carcillo.
0:48 of 2nd period - Shot Blocked by Cédric Lalonde-McNicoll.
1:04 of 2nd period - Slapshot by Jeff Tambellini.
1:04 of 2nd period - Goal by Jeff Tambellini - Panthers : 2 - Lightning : 3.
1:05 of 2nd period - Robert Nilsson wins face-off versus Tim Connolly in neutral zone.
1:08 of 2nd period - Ryan Callahan is hit by Kris Versteeg and loses puck.
1:31 of 2nd period - Loui Eriksson is hit by Alexander Perezhogin and loses puck.
1:40 of 2nd period - Slapshot by Daniel Sedin.
1:40 of 2nd period - Shot Blocked by Jeff Schultz.
2:34 of 2nd period - Ryan Callahan is hit by Robert Nilsson.
2:42 of 2nd period - Henrik Zetterberg is hit by Pavel Kubina and loses puck.
3:09 of 2nd period - Snap shot by Pierre-Marc Bouchard.
3:09 of 2nd period - Stopped by Petr Mrazek without a rebound.
3:10 of 2nd period - Jordan Nolan wins face-off versus Tim Connolly in Panthers zone.
3:58 of 2nd period - Wrist shot by Tomas Kopecky.
3:58 of 2nd period - Deflect By Jeff Tambellini.
3:58 of 2nd period - Stopped by Jaroslav Halak without a rebound.
3:59 of 2nd period - Shawn Horcoff wins face-off versus Pierre-Marc Bouchard in Lightning zone.
4:26 of 2nd period - Shawn Horcoff is hit by John Carlson and loses puck.
4:47 of 2nd period - Wrist shot by Pierre-Marc Bouchard.
4:47 of 2nd period - Shot Misses the Net.
4:49 of 2nd period - Slapshot by Justin Schultz.
4:49 of 2nd period - Shot Blocked by Jonathan Sigalet.
5:04 of 2nd period - Minor Penalty to Steve Bernier for Hooking.
5:05 of 2nd period - Robert Nilsson wins face-off versus Tim Connolly in Lightning zone.
5:31 of 2nd period - Jeff Schultz is hit by Jeff Tambellini and loses puck.
6:02 of 2nd period - Brent Burns is hit by Cédric Lalonde-McNicoll and loses puck.
6:13 of 2nd period - Erik Gudbranson is hit by Daniel Carcillo and loses puck.
6:39 of 2nd period - Brendan Smith is hit by Brent Burns and loses puck.
7:04 of 2nd period - Penalty to Steve Bernier is over, Steve Bernier is back on ice.
7:57 of 2nd period - Icing by Robert Nilsson.
7:58 of 2nd period - Shawn Horcoff wins face-off versus Mikael Backlund in Lightning zone.
8:25 of 2nd period - Snap shot by Jeff Tambellini.
8:25 of 2nd period - Stopped by Jaroslav Halak without a rebound.
8:26 of 2nd period - Robert Nilsson wins face-off versus Cédric Lalonde-McNicoll in Lightning zone.
8:39 of 2nd period - Snap shot by Henrik Zetterberg.
8:39 of 2nd period - Deflect By Kris Versteeg.
8:39 of 2nd period - Shot Misses the Net.
8:39 of 2nd period - Puck is out of play.
8:40 of 2nd period - Tim Connolly wins face-off versus Robert Nilsson in Panthers zone.
8:40 of 2nd period - Tim Connolly is hit by Robert Nilsson.
8:50 of 2nd period - Snap shot by Guillaume Latendresse.
8:50 of 2nd period - Shot Misses the Net.
9:58 of 2nd period - Slapshot by Jeff Schultz.
9:58 of 2nd period - Stopped by Petr Mrazek with a rebound.
10:09 of 2nd period - Minor Penalty to Henrik Zetterberg for Roughing.
10:10 of 2nd period - Loui Eriksson wins face-off versus Tim Connolly in Lightning zone.
12:09 of 2nd period - Penalty to Henrik Zetterberg is over, Henrik Zetterberg is back on ice.
12:37 of 2nd period - Kris Versteeg is hit by Matthew Spiller and loses puck.
12:50 of 2nd period - Slapshot by Pierre-Marc Bouchard.
12:50 of 2nd period - Shot Misses the Net.
12:52 of 2nd period - Slapshot by Pierre-Marc Bouchard.
12:52 of 2nd period - Stopped by Petr Mrazek with a rebound.
13:35 of 2nd period - Off-side.
13:36 of 2nd period - Pierre-Marc Bouchard wins face-off versus Cédric Lalonde-McNicoll in neutral zone.
13:39 of 2nd period - Slapshot by Brent Burns.
13:39 of 2nd period - Deflect By Steve Bernier.
13:39 of 2nd period - Shot Blocked by Daniel Sedin.
13:39 of 2nd period - Puck is out of play.
13:40 of 2nd period - Cédric Lalonde-McNicoll wins face-off versus Pierre-Marc Bouchard in Panthers zone.
13:59 of 2nd period - Cédric Lalonde-McNicoll is hit by Loui Eriksson.
14:40 of 2nd period - Brent Burns is hit by Alexander Perezhogin and loses puck.
15:01 of 2nd period - Snap shot by John Carlson.
15:01 of 2nd period - Deflect By Daniel Sedin.
15:01 of 2nd period - Stopped by Petr Mrazek with a rebound.
15:37 of 2nd period - Snap shot by Daniel Sedin.
15:37 of 2nd period - Shot Misses the Net.
15:39 of 2nd period - Minor Penalty to Loui Eriksson for Hooking.
15:40 of 2nd period - Tim Connolly wins face-off versus Mikael Backlund in Lightning zone.
15:43 of 2nd period - Snap shot by Tim Connolly.
15:43 of 2nd period - Shot Blocked by Andy Rogers.
15:53 of 2nd period - Wrist shot by Tim Connolly.
15:53 of 2nd period - Shot Blocked by Andy Rogers.
15:55 of 2nd period - Backhand shot by Jonathan Sigalet.
15:55 of 2nd period - Deflect By Mikael Backlund.
15:55 of 2nd period - Goal by Jonathan Sigalet - Panthers : 3 - Lightning : 3.
15:56 of 2nd period - Robert Nilsson wins face-off versus Ryan Callahan in neutral zone.
16:15 of 2nd period - Minor Penalty to Danny Richmond for Holding.
16:16 of 2nd period - Tim Connolly wins face-off versus Robert Nilsson in Lightning zone.
17:07 of 2nd period - Wrist shot by Robert Nilsson.
17:07 of 2nd period - Stopped by Petr Mrazek without a rebound.
17:08 of 2nd period - Robert Nilsson wins face-off versus Tim Connolly in Panthers zone.
17:17 of 2nd period - Justin Schultz is hit by Jonathan Sigalet and loses puck.
17:30 of 2nd period - Slapshot by Jonathan Sigalet.
17:30 of 2nd period - Shot Misses the Net.
17:32 of 2nd period - Slapshot by Erik Gudbranson.
17:32 of 2nd period - Deflect By Jeff Tambellini.
17:32 of 2nd period - Shot Misses the Net.
17:32 of 2nd period - Puck is out of play.
17:33 of 2nd period - Robert Nilsson wins face-off versus Cédric Lalonde-McNicoll in Lightning zone.
17:48 of 2nd period - Snap shot by Daniel Carcillo.
17:48 of 2nd period - Stopped by Petr Mrazek with a rebound.
17:50 of 2nd period - Wrist shot by Mikael Backlund.
17:50 of 2nd period - Stopped by Petr Mrazek with a rebound.
17:52 of 2nd period - Slapshot by Andy Rogers.
17:52 of 2nd period - Deflect By Daniel Carcillo.
17:52 of 2nd period - Shot Blocked by Brendan Smith.
17:52 of 2nd period - Puck is out of play.
17:53 of 2nd period - Tim Connolly wins face-off versus Mikael Backlund in Panthers zone.
18:00 of 2nd period - Andy Rogers is hit by Guillaume Latendresse and loses puck.
18:15 of 2nd period - Penalty to Danny Richmond is over, Danny Richmond is back on ice.
18:31 of 2nd period - Snap shot by Daniel Carcillo.
18:31 of 2nd period - Shot Misses the Net.
18:33 of 2nd period - Snap shot by Reilly Smith.
18:33 of 2nd period - Stopped by Petr Mrazek without a rebound.
18:34 of 2nd period - Cédric Lalonde-McNicoll wins face-off versus Robert Nilsson in Panthers zone.
18:36 of 2nd period - Minor Penalty to Cédric Lalonde-McNicoll for Roughing.
18:37 of 2nd period - Robert Nilsson wins face-off versus Shawn Horcoff in Panthers zone.
18:43 of 2nd period - Snap shot by Kris Versteeg.
18:43 of 2nd period - Goal by Kris Versteeg - Panthers : 3 - Lightning : 4.
18:44 of 2nd period - Tim Connolly wins face-off versus Robert Nilsson in neutral zone.
19:22 of 2nd period - Snap shot by Jeff Tambellini.
19:22 of 2nd period - Deflect By Tomas Kopecky.
19:22 of 2nd period - Shot Blocked by Henrik Zetterberg.
19:22 of 2nd period - Puck is out of play.
19:23 of 2nd period - Tim Connolly wins face-off versus Jordan Nolan in Lightning zone.
19:34 of 2nd period - Slapshot by Guillaume Latendresse.
19:34 of 2nd period - Deflect By Jeff Schultz.
19:34 of 2nd period - Stopped by Jaroslav Halak without a rebound.
19:35 of 2nd period - Reilly Smith wins face-off versus Tim Connolly in Lightning zone.
Goals for this period are 3 for Panthers vs 1 for Lightning .
Shots for this period are 6 for Panthers vs 9 for Lightning .
3rd period
0:01 of 3rd period - Robert Nilsson wins face-off versus Tim Connolly in neutral zone.
0:16 of 3rd period - Snap shot by Kris Versteeg.
0:16 of 3rd period - Stopped by Petr Mrazek without a rebound.
0:17 of 3rd period - Jordan Nolan wins face-off versus Cédric Lalonde-McNicoll in Panthers zone.
0:36 of 3rd period - Alexander Perezhogin is hit by Brent Burns and loses puck.
1:41 of 3rd period - Snap shot by Guillaume Latendresse.
1:41 of 3rd period - Goal by Guillaume Latendresse - Panthers : 4 - Lightning : 4.
1:42 of 3rd period - Tim Connolly wins face-off versus Robert Nilsson in neutral zone.
1:58 of 3rd period - Minor Penalty to Kris Versteeg for Roughing.
1:59 of 3rd period - Tim Connolly wins face-off versus Robert Nilsson in Lightning zone.
2:29 of 3rd period - Andy Rogers is hit by Alexander Perezhogin and loses puck.
3:58 of 3rd period - Penalty to Kris Versteeg is over, Kris Versteeg is back on ice.
4:09 of 3rd period - Snap shot by Jonathan Matsumoto.
4:09 of 3rd period - Stopped by Jaroslav Halak with a rebound.
4:17 of 3rd period - Snap shot by George Parros.
4:17 of 3rd period - Deflect By Sergei Samsonov.
4:17 of 3rd period - Shot Misses the Net.
4:17 of 3rd period - Puck is out of play.
4:18 of 3rd period - Mikael Backlund wins face-off versus Jonathan Matsumoto in Lightning zone.
4:41 of 3rd period - Jeff Tambellini is hit by Henrik Zetterberg and loses puck.
4:58 of 3rd period - Loui Eriksson is hit by Jonathan Sigalet and loses puck.
5:21 of 3rd period - Ian White is hit by John Carlson and loses puck.
5:38 of 3rd period - Wrist shot by Jonathan Sigalet.
5:38 of 3rd period - Stopped by Jaroslav Halak without a rebound.
5:39 of 3rd period - Sergei Samsonov wins face-off versus Mikael Backlund in Lightning zone.
6:11 of 3rd period - Minor Penalty to Henrik Zetterberg for Slashing.
6:12 of 3rd period - Tim Connolly wins face-off versus Robert Nilsson in Lightning zone.
6:28 of 3rd period - Wrist shot by Robert Nilsson.
6:28 of 3rd period - Goal by Robert Nilsson - Panthers : 4 - Lightning : 5.
6:29 of 3rd period - Ryan Callahan wins face-off versus Robert Nilsson in neutral zone.
6:37 of 3rd period - Slapshot by Brendan Smith.
6:37 of 3rd period - Shot Blocked by Andy Rogers.
6:39 of 3rd period - Slapshot by Tim Connolly.
6:39 of 3rd period - Shot Misses the Net.
7:09 of 3rd period - Brent Burns is hit by Erik Gudbranson.
8:11 of 3rd period - Penalty to Henrik Zetterberg is over, Henrik Zetterberg is back on ice.
9:11 of 3rd period - Wrist shot by Pierre-Marc Bouchard.
9:11 of 3rd period - Goal by Pierre-Marc Bouchard - Panthers : 4 - Lightning : 6.
9:11 of 3rd period - Antti Niemi enters game.
9:12 of 3rd period - Robert Nilsson wins face-off versus Tim Connolly in neutral zone.
10:08 of 3rd period - Snap shot by Shawn Horcoff.
10:08 of 3rd period - Shot Blocked by Justin Schultz.
10:10 of 3rd period - Slapshot by Jonathan Sigalet.
10:10 of 3rd period - Deflect By Jeff Schultz.
10:10 of 3rd period - Stopped by Jaroslav Halak without a rebound.
10:11 of 3rd period - Tim Connolly wins face-off versus Robert Nilsson in Lightning zone.
11:07 of 3rd period - Slapshot by Danny Richmond.
11:07 of 3rd period - Stopped by Antti Niemi with a rebound.
11:17 of 3rd period - Justin Schultz is hit by Jonathan Matsumoto and loses puck.
12:00 of 3rd period - Reilly Smith is hit by Daniel Sedin and loses puck.
12:19 of 3rd period - Snap shot by Loui Eriksson.
12:19 of 3rd period - Shot Misses the Net.
12:29 of 3rd period - Pierre-Marc Bouchard is hit by Erik Gudbranson and loses puck.
13:09 of 3rd period - Wrist shot by Guillaume Latendresse.
13:09 of 3rd period - Stopped by Jaroslav Halak with a rebound.
14:02 of 3rd period - Ian White is hit by Kris Versteeg and loses puck.
14:15 of 3rd period - Wrist shot by Henrik Zetterberg.
14:15 of 3rd period - Stopped by Antti Niemi with a rebound.
14:27 of 3rd period - Backhand shot by Ian White.
14:27 of 3rd period - Stopped by Jaroslav Halak with a rebound.
14:29 of 3rd period - Slapshot by George Parros.
14:29 of 3rd period - Shot Misses the Net.
14:36 of 3rd period - Minor Penalty to Sheldon Keefe for Roughing.
14:37 of 3rd period - Robert Nilsson wins face-off versus Guillaume Latendresse in Lightning zone.
15:09 of 3rd period - Slapshot by Brendan Smith.
15:09 of 3rd period - Stopped by Jaroslav Halak with a rebound.
15:11 of 3rd period - Snap shot by Brendan Smith.
15:11 of 3rd period - Shot Misses the Net.
15:39 of 3rd period - Slapshot by Mikael Backlund.
15:39 of 3rd period - Deflect By Daniel Carcillo.
15:39 of 3rd period - Stopped by Antti Niemi with a rebound.
15:51 of 3rd period - Ian White is hit by Robert Nilsson.
16:36 of 3rd period - Penalty to Sheldon Keefe is over, Sheldon Keefe is back on ice.
16:41 of 3rd period - Brendan Smith is hit by Jordan Nolan and loses puck.
16:50 of 3rd period - Ryan Callahan is hit by Danny Richmond and loses puck.
17:33 of 3rd period - Daniel Sedin is hit by Sheldon Keefe.
18:13 of 3rd period - Pierre-Luc Létourneau is hit by Shawn Horcoff and loses puck.
18:24 of 3rd period - Tomas Kopecky is hit by Loui Eriksson and loses puck.
18:33 of 3rd period - Snap shot by Steve Bernier.
18:33 of 3rd period - Stopped by Antti Niemi without a rebound.
18:34 of 3rd period - Tim Connolly wins face-off versus Robert Nilsson in Panthers zone.
18:47 of 3rd period - Cédric Lalonde-McNicoll is hit by Steve Bernier and loses puck.
19:14 of 3rd period - Danny Richmond is hit by Jeff Tambellini and loses puck.
19:32 of 3rd period - Icing by Erik Gudbranson.
19:33 of 3rd period - Cédric Lalonde-McNicoll wins face-off versus Robert Nilsson in Panthers zone.
Goals for this period are 1 for Panthers vs 2 for Lightning .
Shots for this period are 7 for Panthers vs 7 for Lightning .
Back to the Top